 Dungeon Crawl Stone Soup version 0.30-a0-509-gd016549fea (console) character file.

Game seed: 9744190575084283732

7436 Ignak the Fighter (level 11, -12/115 HPs)
             Began as an Ogre Hedge Wizard on Dec 22, 2022.
             Was an Elder of Okawaru.
             Mangled by a polar bear (19 damage)
             ... on level 10 of the Dungeon.
             The game lasted 00:37:24 (13943 turns).

Ignak the Fighter (Ogre Hedge Wizard)              Turns: 13943, Time: 00:37:24

Health: -12/115    AC:  8    Str: 20    XL:     11   Next: 15%
Magic:  19/21      EV: 10    Int: 15    God:    Okawaru [****..]
Gold:   715        SH:  0    Dex:  8    Spells: 4/23 levels left

rFire   + . .      SeeInvis .    a - +1 war axe (vorpal)
rCold   . . .      Faith    +    (no shield)
rNeg    + . .      Spirit   .    g - +0 acid dragon scales
rPois   .          Reflect  .    c - +0 hat
rElec   +          Harm     .    (no cloak)
rCorr   +          Rampage  .    (gloves unavailable)
Will    +....                    (boots unavailable)
Stlth   +.........               m - amulet of faith
HPRegen 0.39/turn                k - ring of positive energy
MPRegen 0.17/turn                y - ring of protection from fire

@: no status effects
A: large, unfitting armour, tough skin 1, electricity resistance
a: Renounce Religion, Heroism, Finesse


You were on level 10 of the Dungeon.
You worshipped Okawaru.
Okawaru was greatly pleased with you.
You visited 2 branches of the dungeon, and saw 11 of its levels.

You collected 715 gold pieces.

Inventory:

Hand Weapons
 a - a +1 vorpal war axe (weapon)
 b - the +4 dagger "Nuax" {spect, *Noise rPois Will- Int+8}
   (You found it on level 3 of the Dungeon)

   When its wielder attacks, the weapon's spirit leaps out and strikes again.
   The spirit shares a part of any damage it takes with its wielder.
   Int:       It affects your intelligence (+8).
   rPois:     It protects you from poison.
   *Noise:    It may make noises in combat.
   Will:      It decreases your willpower.
 i - a +0 giant spiked club
 q - a +2 whip of venom
 r - a +0 war axe
 u - a +1 hand axe of flaming
 z - a +0 giant club
Missiles
 s - 15 poisoned darts
 x - 2 atropa-tipped darts
 B - a large rock (quivered)
Armour
 c - a +0 hat (worn)
 g - +0 acid dragon scales (worn)
 l - the +1 robe of Compression {+Blink rN+++ Str+5}
   (You found it on level 2 of the Dungeon)

   Str:       It affects your strength (+5).
   rN:        It renders you almost immune to negative energy.
   +Blink:    It lets you blink.
Magical Staves
 j - a staff of poison
Jewellery
 k - a ring of positive energy (left hand)
 m - an amulet of faith (around neck)
 w - a ring of fire
 y - a ring of protection from fire (right hand)
Scrolls
 d - a scroll of blinking
 e - 2 scrolls of teleportation
 o - a scroll of identify
 v - a scroll of vulnerability
 E - a scroll of butterflies {unknown}
Potions
 f - a potion of curing
 h - 3 potions of brilliance
 n - 2 potions of heal wounds
 t - a potion of lignification
 A - 2 potions of haste
 C - a potion of mutation
 D - a potion of ambrosia {unknown}


   Skills:
 * Level 9.4 Fighting
 * Level 7.1 Axes
 + Level 1.6 Throwing
 + Level 4.3 Armour
 + Level 5.2 Dodging
 - Level 1.4 Stealth
 - Level 1.0 Unarmed Combat
 + Level 6.8 Spellcasting
 * Level 4.9 Conjurations
 - Level 0.8 Summonings
 - Level 3.0 Translocations
 * Level 4.9 Air Magic
 * Level 4.0 Invocations


You had 4 spell levels left.
You knew the following spells:

 Your Spells              Type           Power      Damage    Failure   Level
a - Magic Dart            Conj           76%        1d6       2%          1
b - Blink                 Tloc           28%        N/A       8%          2
c - Swiftness             Air            20%        N/A       7%          3
d - Mephitic Cloud        Conj/Pois/Air  15%        N/A       13%         3
e - Call Imp              Summ           7%         N/A       19%         2
f - Arcjolt               Conj/Air       9%         1d19      54%         5
g - Vhi's Electric Charg  Tloc/Air       34%        N/A       10%         3

Your spell library contained the following spells:

 Spells                   Type           Power      Damage    Failure   Level
 Shock                    Conj/Air       76%        1d7       2%          1
 Cigotuvi's Dreadful Rot  Necr/Pois/Air  20%        N/A       13%         2
 Slow                     Hex            20%        N/A       17%         1
 Dazzling Flash           Conj/Hex       24%        N/A       19%         3
 Airstrike                Air            10%        2d(2-18)  22%         4
 Scorch                   Fire           10%        2d5       26%         2
 Flame Wave               Conj/Fire      12%        2d6       52%         4
 Silence                  Hex/Air        6%         N/A       86%         5
 Agony                    Necr           5%         N/A       99%         5
 Borgnjor's Vile Clutch   Necr/Erth      2%         N/A       99%         5
 Maxwell's Capacitive Co  Air            10%        ∞         100%        8
 Animate Dead             Necr           Unusable   N/A       N/A         4
 Death Channel            Necr           Unusable   N/A       N/A         6
 Summon Cactus Giant      Summ           Unusable   N/A       N/A         6

Dungeon Overview and Level Annotations

Branches:
Dungeon (10/15)            Temple (1/1) D:6
   Lair: D:8-11         Orc: D:9-12

Altars:
Ashenzari
Dithmenos
Elyvilon
Fedhas
Gozag
Hepliaklqana
Kikubaaqudgha
Makhleb
Nemelex Xobeh
Okawaru
Qazlal
Ru
Sif Muna
Trog
Uskayaw
Vehumet
Wu Jian
Xom
Yredelemnul
Zin
Jiyva

Annotations:
D:10 1 transporter
Temple 2 transporters


Innate Abilities, Weirdness & Mutations

You are too large for most types of armour.
You have tough skin. (AC +1)
You are resistant to electric shocks. (rElec)


Message History

Unknown command.
a - a +1 vorpal war axe (weapon)
You are engulfed in noxious fumes.
You choke on the stench!
You are confused.
The polar bear bites you! The polar bear claws you.
The polar bear barely misses you.
The polar bear bites itself.
The polar bear claws itself.
The polar bear claws itself but does no damage.
You bump into the rock wall.
You are engulfed in noxious fumes.
You choke on the stench!
You are more confused.
You bump into the rock wall.
You are engulfed in noxious fumes.
You choke on the stench!
You are more confused.
The polar bear bites you. The polar bear claws you.
The polar bear claws you but does no damage.
The rime drake is engulfed in noxious fumes.
The rime drake appears confused.
The rime drake barely misses the polar bear.
The polar bear bites the rime drake!
The polar bear barely misses the rime drake.
The polar bear claws the rime drake but does no damage.
The rime drake is engulfed in noxious fumes.
The rime drake appears confused.
The polar bear rages.
You bump into the rock wall.
Something bites the polar bear.
The polar bear is engulfed in noxious fumes.
You're too confused to move!
You're too confused to move!
The polar bear seems less confused.
The polar bear bites you!!
* * * LOW HITPOINT WARNING * * *
The polar bear completely misses you. The polar bear barely misses you.
Unknown command.
You feel better. The polar bear bites you!!
* * * LOW HITPOINT WARNING * * *
The polar bear barely misses you. The polar bear claws you.
* * * LOW HITPOINT WARNING * * *
The rime drake barely misses the polar bear.
The polar bear bites you!!
You die...

............# .##
..........## .#
#.....#.##........# ..
##~~.~#####........# #.
#....$# #........####.
#.=...### #........##.'.
#.....kh# #........##.#.
#.....#h# #........##.#.
#.....#@# #........#..#.
#.....#.# #........#.##.
.'.....#.###........#.##.
###.....#...#........'/##.
#.....###.#........####.
###### #.'........# #.
###........# ## ##########


You could see 2 polar bears and a rime drake (confused).

Vanquished Creatures
  A great orb of eyes (D:8)
  Erica (D:9)
  A two-headed ogre (D:7)
  Joseph (D:8)
  A hornet (D:10)
  Grinder (D:3)
  2 slime creatures (D:8)
  4 yaks (D:6)
  A wraith (D:9)
  3 steam dragons
  2 acid dragons
  2 water moccasins
  A black bear (D:5)
  An ice beast (D:6)
  2 sky beasts
  A phantom (D:4)
  3 ogres
  3 centaurs
  2 kobold brigands (D:9)
  2 bullfrogs (D:8)
  A gnoll sergeant (D:7)
  3 scorpions
  Dowan (D:6)
  6 killer bees (D:8)
  4 howler monkeys
  2 electric eels (D:9)
  A jelly (D:8)
  3 hounds
  2 orc priests
  A gnoll bouda (D:9)
  10 iguanas
  5 orc wizards
  15 gnolls
  4 adders
  A shadow imp (D:7)
  3 white imps
  4 worms
  3 dart slugs (D:1)
  18 orcs
  6 bats
  8 endoplasms
  5 giant cockroaches
  8 goblins
  3 hobgoblins
  2 quokkas
  7 ball pythons
  2 frilled lizards
  20 kobolds
  11 rats
194 creatures vanquished.

Vanquished Creatures (collateral kills)
  Duvessa (D:6)
  A jelly (D:6)
  An iguana (D:4)
  2 adders
  4 orcs
9 creatures vanquished.

Vanquished Creatures (others)
  2 orcs (D:8)
  8 plants (D:9)
10 creatures vanquished.

Grand Total: 213 creatures vanquished

Notes
Turn   | Place    | Note
-------+----------+-------------------------------------------
     0 | D:1      | Ignak the Ogre Hedge Wizard began the quest for the Orb.
     0 | D:1      | Reached XP level 1. HP: 16/16 MP: 5/5
    37 | D:1      | Reached skill level 1 in Conjurations
   131 | D:1      | Reached skill level 1 in Translocations
   134 | D:1      | Reached XP level 2. HP: 18/26 MP: 0/6
   482 | D:1      | Reached skill level 1 in Fighting
   710 | D:1      | Reached XP level 3. HP: 31/33 MP: 4/8
   730 | D:1      | Learned a level 2 spell: Blink
   733 | D:1      | Learned a level 2 spell: Call Imp
   737 | D:1      | Learned a level 3 spell: Mephitic Cloud
   981 | D:1      | Found a faded altar of an unknown god.
  1540 | D:2      | Identified the +1 robe of Compression {+Blink rN+++ Str+5}
  1886 | D:2      | Reached XP level 4. HP: 36/41 MP: 7/10
  2644 | D:3      | Identified the +4 ring mail "Ciweu" {Rampage Drain Will+++}
  2717 | D:3      | Identified the +4 dagger "Nuax" {spect, *Noise rPois Will-
                  | Int+8}
  2749 | D:3      | Noticed Grinder
  2760 | D:3      | Paralysed by Grinder for 5 turns
  2780 | D:3      | Killed Grinder
  2781 | D:3      | Reached skill level 2 in Fighting
  2781 | D:3      | Reached skill level 1 in Axes
  2781 | D:3      | Reached skill level 1 in Armour
  2781 | D:3      | Reached skill level 1 in Unarmed Combat
  2781 | D:3      | Reached XP level 5. HP: 18/52 MP: 9/11
  2781 | D:3      | Reached XP level 6. HP: 21/59 MP: 9/12
  3522 | D:4      | Noticed a water moccasin
  3531 | D:4      | Killed a water moccasin
  3532 | D:4      | Reached skill level 3 in Fighting
  3569 | D:4      | Noticed a moth of wrath
  3572 | D:4      | Found a bloodstained altar of Trog.
  3982 | D:4      | Reached XP level 7. HP: 50/67 MP: 10/13
  4098 | D:5      | Entered Level 5 of the Dungeon
  4361 | D:4      | Reached skill level 4 in Fighting
  4434 | D:5      | Reached skill level 5 in Spellcasting
  4434 | D:5      | Reached XP level 8. HP: 29/79 MP: 8/15
  4819 | D:5      | Reached skill level 5 in Fighting
  5043 | D:5      | Learned a level 3 spell: Swiftness
  5338 | D:6      | Noticed Duvessa
  5344 | D:6      | Noticed Dowan
  5618 | D:6      | Killed Duvessa
  5622 | D:6      | Killed Dowan
  6248 | D:6      | Reached skill level 1 in Air Magic
  6455 | D:6      | Reached skill level 6 in Fighting
  6498 | D:6      | Reached XP level 9. HP: 33/89 MP: 7/17
  6713 | D:6      | Found a staircase to the Ecumenical Temple.
  6726 | Temple   | Entered the Ecumenical Temple
  6726 | Temple   | Found a transporter.
  6726 | Temple   | Found a transporter.
  6728 | Temple   | Found a transporter.
  6728 | Temple   | Found a transporter.
  6759 | Temple   | Became a worshipper of Warmaster Okawaru
  6837 | D:6      | Learned a level 5 spell: Arcjolt
  6910 | D:6      | Gained mutation: You are resistant to electric shocks.
                  | (rElec) [potion of mutation]
  7085 | D:6      | Reached skill level 5 in Axes
  7098 | D:6      | Reached * piety under Okawaru
  7099 | D:6      | Reached skill level 7 in Fighting
  7476 | D:7      | Found a white marble altar of Elyvilon.
  7810 | D:6      | Learned a level 3 spell: Vhi's Electric Charge
  8756 | D:7      | Reached ** piety under Okawaru
  9152 | D:8      | Noticed Joseph
  9176 | D:7      | Reached XP level 10. HP: 54/104 MP: 13/19
  9335 | D:7      | Reached skill level 8 in Fighting
  9335 | D:7      | Reached skill level 1 in Invocations
  9431 | D:8      | Noticed a two-headed ogre
  9750 | D:7      | Killed a two-headed ogre
  9899 | D:7      | Reached *** piety under Okawaru
  9916 | D:8      | Killed Joseph
 10108 | D:8      | Found a transporter.
 10228 | D:8      | Noticed a great orb of eyes
 10231 | D:8      | Found a viscous altar of Jiyva.
 10231 | D:8      | Found a transporter.
 11174 | D:8      | Paralysed by a great orb of eyes for 4 turns
 11364 | D:8      | Paralysed by a great orb of eyes for 4 turns
 11383 | D:8      | Killed a great orb of eyes
 11383 | D:8      | Reached **** piety under Okawaru
 11384 | D:8      | Reached skill level 5 in Dodging
 12285 | D:8      | Reached skill level 9 in Fighting
 12285 | D:8      | Reached skill level 1 in Throwing
 12738 | D:9      | Noticed Erica
 12752 | D:9      | Killed Erica
 12753 | D:9      | Reached XP level 11. HP: 60/115 MP: 19/21
 13113 | D:10     | Entered Level 10 of the Dungeon
 13308 | D:9      | Noticed a two-headed ogre
 13455 | D:10     | HP: 3/115 [two-headed ogre/+0 giant club (14)]
 13460 | D:10     | HP: 4/115 [two-headed ogre/+0 giant club (22)]
 13640 | D:10     | Paralysed by a hornet for 2 turns
 13878 | D:10     | Found a transporter.
 13943 | D:10     | Mangled by a polar bear

Illustrated notes

Levels and vault maps discovered:
D:1:      dpeg_arrival_another_circle, layout_loops_ring,
          hellmonk_ecumenical_altar_slurped_away
D:2:      layout_loops_corners
D:3:      layout_basic, uniq_grinder
D:4:      layout_cave_pools, tgw_trog
D:5:      layout_loops_ring
D:6:      layout_loops_ring, minmay_temple_entry_drinking_statues, uniq_duvessa
D:7:      layout_rooms, elyvilon_altar_5, grunt_potential
D:8:      gammafunk_jiyva_shrine, layout_basic, uniq_joseph
D:9:      layout_big_octagon, minmay_orc_entry_temple_small, serial_bayou,
          serial_bayou_crossing, serial_bayou_shore_b, serial_bayou_pond_e,
          serial_bayou_shore_b, serial_bayou_pond_d, uniq_erica
D:10:     layout_roguey, nicolae_overflow_hidden_temple,
          hellmonk_lair_entry_icy, nzn_ghost_randoct, uniq_erolcha
Temple:   hellmonk_temple_divided_pantheon

Skill      XL: |  1  2  3  4  5  6  7  8  9 10 11 |
---------------+----------------------------------+-----
Conjurations   | 1 2 3 4 |  4.9
Translocations | 1 2 3 |  3.0
Fighting       | 1 2 3 4 6 7 9 |  9.4
Dodging        | 2 3 4 5 |  5.2
Spellcasting   | 4 5 6 |  6.8
Axes           | 1 2 3 4 5 7 |  7.1
Armour         | 1 2 3 4 |  4.3
Unarmed Combat | 1 |  1.0
Air Magic      | 1 3 4 |  4.9
Invocations    | 3 4 |  4.0
Throwing       | 1 |  1.6
Stealth        | |  1.4
Summonings     | |  0.8

Action                   |  1- 3 |  4- 6 |  7- 9 | 10-12 || total
-------------------------+-------+-------+-------+-------++-------
Melee: Dagger            |    26 |    70 |   207 |    17 ||   320
       Punch             |     2 |     3 |     5 |     5 ||    15
       Club              |   126 |    24 |       |       ||   150
       War axe           |       |    13 |    27 |   180 ||   220
       Hand axe          |       |       |    71 |       ||    71
Throw: Dart              |     2 |       |     3 |     7 ||    12
       Large rock        |       |       |       |     9 ||     9
 Cast: Magic Dart        |    31 |     3 |     6 |       ||    40
       Call Imp          |     4 |     6 |    13 |       ||    23
       Mephitic Cloud    |       |       |    27 |    23 ||    50
       Vhi's Electric Ch |       |       |     3 |     2 ||     5
       Blink             |       |       |     1 |    24 ||    25
       Arcjolt           |       |       |       |     5 ||     5
Invok: Heroism           |       |       |     2 |     3 ||     5
  Use: Potion            |     1 |       |    12 |     5 ||    18
       Scroll            |       |     2 |     8 |     7 ||    17
 Stab: Sleeping          |     3 |     2 |     1 |       ||     6
       Confused          |       |       |     8 |     7 ||    15
Armor: Robe              |    69 |    38 |    62 |       ||   169
       Acid dragon scale |       |       |     7 |    97 ||   104
Dodge: Dodged            |   104 |    43 |   173 |   172 ||   492

Table legend: (Time is in decaauts)
 A = Elapsed time spent in this place.
 B = Non-inter-level travel time spent in this place.
 C = Inter-level travel time spent in this place.
 D = Time resting spent in this place.
 E = Time spent auto-exploring this place.
 F = Levels seen in this place.
 G = Mean time per level.
                   A        B        C        D        E       F      G
               +--------+--------+--------+--------+--------+-----+--------+
         Total |  14032 |  13767 |    265 |   5288 |   4891 |  11 | 1275.6 |
       Dungeon |  13976 |  13711 |    265 |   5288 |   4890 |  10 | 1397.6 |
        Temple |     56 |     56 |      0 |      0 |      1 |   1 |   56.0 |
               +--------+--------+--------+--------+--------+-----+--------+

Top non-repeatable levels by time:
     D:6: 2684 daAuts
     D:8: 2458 daAuts
     D:7: 1797 daAuts
     D:5: 1302 daAuts
     D:2: 1291 daAuts
     D:1: 1212 daAuts
     D:3: 1023 daAuts
     D:4: 875 daAuts
    D:10: 801 daAuts
     D:9: 528 daAuts
  Temple: 56 daAuts
